Map: Deathaura LE

Players

RyuKey - Winner!

  • Race: Terran Terran
  • League: Diamond
  • Spawn Location: 11:00

Jaykantos

  • Race: Zerg Zerg
  • League: Platinum
  • Spawn Location: 5:00

VOD

Have the link to the VOD?

Description

Time

  • Played on: June 19, 2020, 7:22 a.m.
  • Length: 3:16
Show
View Real Time Build Order
Export as new Build Order

RyuKey Terran - Winner!

Build Orders:  

Get SALT Encoding   

  12  0:01  SCV  
  13  0:13  SCV  
  14  0:17  Supply Depot  
  14  0:25  SCV  
  15  0:38  SCV  
  15  0:41  Barracks  
  16  0:50  SCV  
  17  0:57  Refinery  
  17  1:02  SCV  
  18  1:15  SCV  
  19  1:28  Marine, Orbital Command  
  20  1:37  Command Center  
  20  1:46  Reaper  
  21  1:52  Supply Depot  
  21  2:04  SCV  
  21  2:12  Supply Depot  
  21  2:13  Barracks  
  21  2:20  Reaper  
  21  2:28  SCV  
  22  2:31  Command Center  
  22  2:40  SCV  
  22  2:43  Bunker  
  23  2:48  Bunker  
Show
View Real Time Build Order
Export as new Build Order

Jaykantos Zerg 

Build Orders: Pool First 

Get SALT Encoding   

  12  0:20  Spawning Pool  
  11  0:26  Overlord  
  11  1:06  Zergling x2  
  11  1:07  Zergling x4  
  14  1:22  Queen  
  16  1:26  Zergling x2  
  16  1:31  Zergling x2  
  18  1:43  Spine Crawler  
  18  1:46  Zergling x2  
  18  2:15  Zergling x6  
  20  2:28  Hatchery  
  18  2:42  Extractor  
  17  2:48  Drone x3  
Tags
 
Add a new tag
Caveats
  • Supply blocks, unpowered buildings, or Contaminate may cause inaccurate times.
  • Supply counts are checked every 10 seconds.